 Dungeon Crawl Stone Soup version 0.30-a0-956-gcec3b41aec (webtiles) character file.

Game seed: 369577564311790160

48 BlueFish the Grasshopper (level 3, -8/24 HPs)
             Began as an Octopode Warper on Mar 29, 2023.
             Mangled by a gnoll
             ... wielding a +0 halberd
              (11 damage)
             ... on level 2 of the Dungeon.
             The game lasted 00:02:38 (1431 turns).

BlueFish the Grasshopper (Octopode Warper)          Turns: 1431, Time: 00:02:39

Health: -8/24      AC:  1    Str: 12    XL:     3   Next: 72%
Magic:  6/6        EV: 13    Int: 15    God:
Gold:   55         SH:  0    Dex: 11    Spells: 2/6 levels left

rFire   . . .      SeeInvis .    h - +0 whip
rCold   . . .      Faith    .    (no shield)
rNeg    . . .      Spirit   .    (helmet restricted)
rPois   .          Reflect  .    (no amulet)
rElec   .          Rampage  .    (no ring)
rCorr   .                        (no ring)
Will    .....                    (no ring)
Stlth   +++                      (no ring)
HPRegen 0.24/turn                (no ring)
MPRegen 0.10/turn                (no ring)
                                 (no ring)
                                 (no ring)

@: no status effects
A: almost no armour, amphibious, 8 rings, camouflage 1, gelatinous body 1,
(nimble swimmer 1), tentacles
a: no special abilities


You were on level 2 of the Dungeon.
You visited 1 branch of the dungeon, and saw 2 of its levels.

You collected 55 gold pieces.

Inventory:

Hand Weapons
 h - a +0 whip (weapon)
Missiles
 b - 7 boomerangs of dispersal
 g - 8 stones (quivered)
 j - 6 poisoned darts
Scrolls
 a - 2 scrolls of blinking
 c - a scroll of enchant weapon {unknown}
 d - a scroll of identify {unknown}
 e - 2 scrolls of noise {unknown}
 f - 3 scrolls of fog {unknown}
 k - a scroll of butterflies {unknown}
Potions
 i - a potion of brilliance {unknown}
 l - a potion of haste {unknown}
 m - a potion of degeneration {unknown}


   Skills:
 + Level 2.1 Fighting
 * Level 0.9 Maces & Flails
 + Level 1.4 Throwing
 + Level 2.7 Dodging
 * Level 2.1 Stealth
 - Level 2.0 Unarmed Combat
 + Level 2.3 Spellcasting
 + Level 3.2 Translocations


You had 2 spell levels left.
You knew the following spells:

 Your Spells              Type           Power      Damage    Failure   Level
a - Blink                 Tloc           22%        N/A       9%          2
b - Lesser Beckoning      Tloc           22%        N/A       9%          2

Your spell library contained the following spells:

 Spells                   Type           Power      Damage    Failure   Level
 Teleport Other           Tloc           11%        N/A       17%         3
 Vhi's Electric Charge    Tloc/Air       12%        N/A       32%         3
 Manifold Assault         Tloc           11%        N/A       50%         4


Dungeon Overview and Level Annotations

Branches:
Dungeon (2/15)

Altars:


Innate Abilities, Weirdness & Mutations

You cannot wear most types of armour.
You are amphibious.
You can wear up to eight rings at the same time.
Your skin changes colour to match your surroundings (Stealth+).
Your rubbery body absorbs attacks. (AC +1, EV +1)
((You are camouflaged when in or above water. (Stealth+)))
You have tentacles for arms and can constrict up to eight enemies at once.


Message History

You see here a giant cockroach corpse.
HP restored.
A quokka comes into view.
You hit the quokka. You grab the quokka. You squeeze the quokka.
The quokka is moderately wounded.
You constrict the quokka. The quokka closely misses you.
You hit the quokka.
The quokka is severely wounded.
You constrict the quokka. The quokka barely misses you.
You hit the quokka.
You kill the quokka!
A goblin comes into view. It is wielding a +0 club.
The helpless goblin fails to defend itself.
You whack the goblin!
You kill the goblin!
Things that are here:
a +0 club; a goblin corpse You open the door.
A rat comes into view.
The rat moves out of view.
There is an open door here.
Found a smoky purple potion.
The rat bites you.
You barely miss the rat. Your grab misses the rat. The rat closely misses you.
You hit the rat. You grab the rat. You squeeze the rat.
You kill the rat!
m - a smoky purple potion You see here a rat corpse.
A gnoll comes into view. It is wielding a +0 halberd.
Found 5 gold pieces.
You now have 55 gold pieces (gained 5).
Found a yellow potion.
The gnoll shouts!
The gnoll hits you from afar with a +0 halberd!
The gnoll hits you with a +0 halberd!
Ouch! That really hurt!
* * * LOW HITPOINT WARNING * * *
You hit the gnoll but do no damage. You grab the gnoll.
You constrict the gnoll. The gnoll hits you with a +0 halberd!
You die...

..###...#.########
###...###........#
#..†###.########.#
#..##...#...#..#.#
##....###.#.#....#
##..##!#.#.##.###
##....#.#....#
##..##.######
##.@#.# ##g#.#
###.#########
#.........#
#########.#
#.......#.#
##.##...#.#
#.##...#.#
#.##...#.#


You could see a gnoll.

Vanquished Creatures
  2 dart slugs (D:1)
  2 endoplasms (D:1)
  3 giant cockroaches
  6 goblins
  6 hobgoblins (D:1)
  2 jackals (D:1)
  A kobold (D:1)
  2 quokkas
  A ball python (D:1)
  8 bats (D:1)
  A frilled lizard (D:1)
  5 rats
39 creatures vanquished.

Notes
Turn   | Place    | Note
-------+----------+-------------------------------------------
     0 | D:1      | BlueFish the Octopode Warper began the quest for the Orb.
     0 | D:1      | Reached XP level 1. HP: 14/14 MP: 3/3
   164 | D:1      | Reached skill level 1 in Stealth
   164 | D:1      | Reached XP level 2. HP: 19/19 MP: 5/5
   167 | D:1      | Learned a level 2 spell: Blink
   170 | D:1      | Learned a level 2 spell: Lesser Beckoning
   695 | D:1      | Reached XP level 3. HP: 23/24 MP: 6/6
  1431 | D:2      | Mangled by a gnoll

Illustrated notes

Levels and vault maps discovered:
D:1:      dpeg_arrival_chambers_temple_mockup, layout_loops_corners,
          minmay_misc_feat_cross, minmay_close_crescents
D:2:      minmay_razor_zed, layout_basic, serial_shops, nicolae_square_shop

Skill      XL: |  1  2  3 |
---------------+----------+-----
Stealth        | 1 2 |  2.1
Fighting       | |  2.1
Maces & Flails | |  0.9
Throwing       | |  1.4
Dodging        | |  2.7
Unarmed Combat | |  2.0
Spellcasting   | |  2.3
Translocations | |  3.2

Action                     || total
---------------------------++-------
  Melee: Dagger            ||     6
         Constrict         ||    21
         Tentacles         ||    13
         Unarmed           ||     1
         Club              ||    23
         Whip              ||    47
         Punch             ||     2
         Short sword       ||     1
   Stab: Sleeping          ||    15
 Armour: Skin              ||    11
  Dodge: Dodged            ||    43

Table legend: (Time is in decaauts)
 A = Elapsed time spent in this place.
 B = Non-inter-level travel time spent in this place.
 C = Inter-level travel time spent in this place.
 D = Time resting spent in this place.
 E = Time spent auto-exploring this place.
 F = Levels seen in this place.
 G = Mean time per level.
                   A        B        C        D        E       F      G
               +--------+--------+--------+--------+--------+-----+--------+
         Total |   1438 |   1372 |     66 |     47 |   1011 |   2 |  719.0 |
       Dungeon |   1438 |   1372 |     66 |     47 |   1011 |   2 |  719.0 |
               +--------+--------+--------+--------+--------+-----+--------+

Top non-repeatable levels by time:
     D:1: 1298 daAuts
     D:2: 139 daAuts
